[Event "ICC tourney 1954 (60 10)"]
[Site "Internet Chess Club"]
[Date "2020.08.09"]
[Round "8"]
[White "yashvi"]
[Black "Hedwig210"]
[Result "0-1"]
[ICCResult "White checkmated"]
[WhiteElo "1273"]
[BlackElo "1023"]
[Opening "English: four knights, kingside fianchetto"]
[ECO "A29"]
[NIC "EO.04"]
[Time "15:18:58"]
[TimeControl "3600+10"]

1. c4 e5 2. Nc3 Nf6 3. Nf3 Nc6 4. g3 Bb4 5. Bg2 Bxc3 6. dxc3 d6 7. O-O O-O
8. Bg5 h6 9. Bxf6 Qxf6 10. Qc2 Bf5 11. Qb3 Rab8 12. Rad1 Bg4 13. Rfe1 Rfe8
14. a3 Qe6 15. Qa4 Bxf3 16. Bxf3 Qd7 17. c5 b5 18. Bxc6 Qxc6 19. Qc2 Qxc5
20. e4 b4 21. axb4 Rxb4 22. Rc1 Rb7 23. Qa4 Qb5 24. Qxb5 Rxb5 25. b4 Ra8 26.
Ra1 a5 27. bxa5 Raxa5 28. Rxa5 Rxa5 29. Rb1 Ra8 30. c4 c5 31. Rd1 Rd8 32. f4
f6 33. fxe5 fxe5 34. Kg2 Kf7 35. Kf3 Ke6 36. Kg4 Rf8 37. h4 g6 38. Kh3 Rf3
39. Kg2 Rc3 40. g4 Rxc4 41. Re1 Rb4 42. Kf3 Rb8 43. Rc1 Rc8 44. Rc4 d5 45.
exd5+ Kxd5 46. Rc1 c4 47. Ke3 Rf8 48. Rd1+ Ke6 49. Rg1 Rf4 50. Rg2 Rd4 51.
Kf3 c3 52. Rc2 Rc4 53. Kg3 Kd5 54. Kf3 Kd4 55. Kg3 Kd3 56. Rc1 Kd2 57. Rf1
c2 58. Rf2+ Kc1 59. Rf1+ Kb2 60. Rf2 Kb1 61. Rf1+ c1=Q 62. Rxc1+ Rxc1 63.
Kf3 Rc8 64. Ke4 Re8 65. h5 gxh5 66. gxh5 Kc2 67. Ke3 e4 68. Ke2 e3 69. Ke1
e2 70. Kf2 e1=Q+ 71. Kg2 Rg8+ 72. Kf3 Rf8+ 73. Kg2 Qf1+ 74. Kg3 Rg8+ 75. Kh4
Qh1# {White checkmated} 0-1

[Event "ICC tourney 1954 (60 10)"]
[Site "Internet Chess Club"]
[Date "2020.08.09"]
[Round "8"]
[White "srinandasai12"]
[Black "nonowho"]
[Result "0-1"]
[ICCResult "White resigns"]
[WhiteElo "1103"]
[BlackElo "1365"]
[Opening "Caro-Kann: exchange variation"]
[ECO "B13"]
[NIC "CK.02"]
[Time "15:19:11"]
[TimeControl "3600+10"]

1. e4 c6 2. d4 d5 3. exd5 cxd5 4. Nf3 Nf6 5. Be2 Bf5 6. O-O e6 7. Nc3 a6 8.
Bd3 Bxd3 9. Qxd3 Bd6 10. Be3 O-O 11. Ne2 Nbd7 12. c4 dxc4 13. Qxc4 Nd5 14.
Bd2 N7f6 15. Nc3 Rc8 16. Qb3 Qe7 17. a3 h6 18. Rfe1 Rfd8 19. Nxd5 Nxd5 20.
Ba5 Bc7 21. Bxc7 Qxc7 22. Ne5 b5 23. Qf3 Nf6 24. Rad1 Qc2 25. Qb7 Rc7 26.
Qb6 Rdc8 27. Nd3 Qc6 28. Qa5 Qd6 29. Nc5 Rc6 30. a4 Qf4 31. axb5 axb5 32.
Qxb5 Ng4 33. b4 Qxf2+ 34. Kh1 Qf4 35. Kg1 Qxh2+ 36. Kf1 Qh1+ 37. Ke2 Qxg2+
38. Kd3 Nf2+ 39. Kc3 Nxd1+ 40. Rxd1 Qd5 41. Kd3 e5 42. Ke3 f5 43. Ke2 Qg2+
44. Kd3 e4+ 45. Ke3 Qf3+ 46. Kd2 e3+ 47. Kc1 e2 48. Re1 Qc3+ 49. Kb1 Qxe1+
50. Kb2 Qd2+ 51. Ka3 Ra8+ 52. Kb3 Qa2+ 53. Kc3 e1=Q+ 54. Kd3 {White resigns}
0-1

[Event "ICC tourney 1954 (60 10)"]
[Site "Internet Chess Club"]
[Date "2020.08.09"]
[Round "8"]
[White "Austin513"]
[Black "che108642"]
[Result "1-0"]
[ICCResult "Black checkmated"]
[WhiteElo "1125"]
[BlackElo "1333"]
[Opening "Sicilian"]
[ECO "B56"]
[NIC "SI.25"]
[Time "15:19:00"]
[TimeControl "3600+10"]

1. e4 c5 2. Nf3 d6 3. d4 cxd4 4. Nxd4 Nf6 5. Nc3 Nc6 6. Be3 Ng4 7. Bg5 Qb6
8. Bb5 Bd7 9. O-O a6 10. Nd5 Qd8 11. Be2 Nge5 12. f4 Ng6 13. f5 Nge5 14. c4
Rc8 15. Rc1 Na5 16. b3 Bc6 17. Qd2 b6 18. f6 gxf6 19. Nxf6+ exf6 20. Bxf6
Be7 21. Bxh8 Bg5 22. Qe1 Bxc1 23. Qxc1 Bxe4 24. Qf4 Bg6 25. h4 h5 26. Bf6
Qc7 27. g4 hxg4 28. Bxg4 Nxg4 29. Qxg4 Qc5 30. h5 Bh7 31. Re1+ Qe5 32. Bxe5
f5 33. Bf6+ Kd7 34. Qg7# {Black checkmated} 1-0

[Event "ICC tourney 1954 (60 10)"]
[Site "Internet Chess Club"]
[Date "2020.08.09"]
[Round "8"]
[White "CajunWyoCowboy"]
[Black "ryan-simshauser"]
[Result "0-1"]
[ICCResult "White resigns"]
[WhiteElo "1250"]
[BlackElo "901"]
[Opening "Sicilian: Alapin's variation (2.c3)"]
[ECO "B22"]
[NIC "SI.46"]
[Time "15:19:10"]
[TimeControl "3600+10"]

1. e4 c5 2. c3 Nc6 3. d4 d5 4. Nd2 cxd4 5. exd5 Qxd5 6. Ngf3 Bg4 7. Be2 d3
8. Qa4 Nf6 9. c4 Qd7 10. Bd1 Qe6+ 11. Kf1 Ne4 12. Nxe4 Qxe4 13. Ng5 Be2+ 14.
Kg1 Bxd1 15. Nxe4 Bxa4 16. b3 Bxb3 17. axb3 g6 18. Bb2 f6 19. Nc5 O-O-O 20.
g3 e5 21. Ne6 Rd6 22. Nxf8 Rxf8 23. Ba3 Rfd8 24. Bxd6 Rxd6 25. Kg2 e4 26.
Rhe1 d2 27. Red1 Nb4 28. Rxa7 Nc2 29. Kf1 e3 30. fxe3 Nxe3+ 31. Ke2 Nxd1 32.
Kxd1 Ra6 33. Rxa6 bxa6 34. Kxd2 Kc7 35. Kd3 Kc6 36. Kd4 g5 37. g4 a5 38. h3
h6 39. Ke4 Kc5 40. Kd3 Kb4 41. Kd4 Kxb3 42. c5 a4 43. c6 a3 44. c7 a2 45.
c8=Q a1=Q+ 46. Ke4 Qe1+ 47. Kf5 Qe5+ 48. Kg6 Qe4+ 49. Qf5 Qh1 50. Qd3+ Kb4
51. Kxf6 Kc5 52. Qf5+ Kd4 53. Qd7+ Ke3 54. Qe6+ Kf2 55. Qf5+ Kg3 56. Qd3+
Kh4 57. Kg6 Qxh3 58. Qxh3+ Kxh3 59. Kh5 Kg3 60. Kxh6 Kxg4 61. Kg6 Kf4 62.
Kh5 g4 63. Kh4 Kf3 64. Kg5 g3 {White resigns} 0-1

[Event "ICC tourney 1954 (60 10)"]
[Site "Internet Chess Club"]
[Date "2020.08.09"]
[Round "8"]
[White "lukebugbee"]
[Black "NikkiBat"]
[Result "1-0"]
[ICCResult "Black checkmated"]
[WhiteElo "944"]
[BlackElo "1283"]
[Opening "Sicilian: Taimanov variation"]
[ECO "B45"]
[NIC "SI.43"]
[Time "15:19:11"]
[TimeControl "3600+10"]

1. e4 c5 2. Nf3 e6 3. Nc3 Nc6 4. d4 cxd4 5. Nxd4 d6 6. Bb5 Bd7 7. O-O Nf6 8.
Bg5 Be7 9. Re1 Qc7 10. h3 a6 11. Be2 O-O 12. h4 d5 13. Nxc6 bxc6 14. Bd3 h6
15. Bxf6 Bxf6 16. Qh5 Qf4 17. g3 Qc7 18. e5 Be7 19. g4 Be8 20. g5 f5 21. Qf3
hxg5 22. hxg5 Bxg5 23. Kg2 Qe7 24. Rh1 Bg6 25. Rag1 Qf7 26. Kf1 Bh6 27. Qg2
Bh5 28. Be2 Bxe2+ 29. Nxe2 Kh7 30. Nf4 Rg8 31. Qh3 Rh8 32. Nh5 Kg8 33. Nf6+
Kf8 34. Qa3+ Qe7 35. Nd7+ Kf7 36. Qxe7+ Kxe7 37. Nc5 Rhg8 38. Ke2 Bf4 39.
Nd3 Bh6 40. f4 Rab8 41. b3 g5 42. Rxh6 g4 43. Rh7+ Kf8 44. Nc5 Rb4 45. Nd7+
Ke8 46. Nf6+ Kf8 47. Nxg8 Kxg8 48. Rc7 Rxf4 49. Rxc6 Re4+ 50. Kf2 Rxe5 51.
Rxa6 Re4 52. a4 f4 53. Rxg4+ Kf7 54. Kf3 e5 55. Kf2 Re3 56. a5 d4 57. Rd6
Rc3 58. a6 Rxc2+ 59. Kf3 Rc3+ 60. Ke4 Re3+ 61. Kf5 Ke7 62. Re6+ Kd7 63. Rg7+
Kc8 64. Re8# {Black checkmated} 1-0

[Event "ICC tourney 1954 (60 10)"]
[Site "Internet Chess Club"]
[Date "2020.08.09"]
[Round "8"]
[White "ruhanv"]
[Black "CobaltGame"]
[Result "1-0"]
[ICCResult "Black checkmated"]
[WhiteElo "954"]
[BlackElo "1255"]
[Opening "Queen's pawn game, Chigorin variation"]
[ECO "D02"]
[NIC "QP.08"]
[Time "15:19:11"]
[TimeControl "3600+10"]

1. d4 d5 2. Nf3 Nc6 3. Bf4 Bf5 4. c3 Nf6 5. e3 a6 6. Bd3 Bxd3 7. Qxd3 e6 8.
Nbd2 Qd7 9. Ne5 Qd8 10. Ndf3 Bd6 11. h3 Qe7 12. Qc2 O-O 13. O-O Nd7 14. Ng5
g6 15. Nxd7 Qxd7 16. Nf3 Bxf4 17. exf4 Qd6 18. g3 Ne7 19. Qd2 c5 20. Rac1 c4
21. Rb1 Rfb8 22. g4 b5 23. a3 a5 24. b4 axb4 25. axb4 Ra3 26. Ra1 Rba8 27.
Rxa3 Rxa3 28. Rc1 Qa6 29. Kg2 Rb3 30. Ne5 Nc6 31. Nd7 Qa3 32. Nc5 Rb2 33.
Rc2 Rb1 34. Ra2 Qc1 35. Qxc1 Rxc1 36. Ra3 Kg7 37. g5 h6 38. Nb7 Nxd4 39.
cxd4 c3 40. Nc5 c2 41. Rc3 hxg5 42. fxg5 e5 43. dxe5 d4 44. Nd3 Rd1 45. Rxc2
Rxd3 46. Rc5 Rb3 47. Rxb5 d3 48. Rd5 Kf8 49. f4 Rxb4 50. Kf3 Rb3 51. Kg4 Ke7
52. h4 Ke6 53. Rd6+ Ke7 54. h5 gxh5+ 55. Kxh5 Rb4 56. Kg4 Rb3 57. Kf5 Rc3
58. Ke4 Rc4+ 59. Ke3 Rc3 60. Rxd3 Rc4 61. Rd4 Rc3+ 62. Ke4 Rg3 63. Ra4 Rg4
64. Kf5 Rh4 65. Ra7+ Ke8 66. g6 fxg6+ 67. Kg5 Rh3 68. Kxg6 Rf3 69. f5 Re3
70. Kf6 Rd3 71. Ke6 Rc3 72. Ra8+ Rc8 73. Rxc8# {Black checkmated} 1-0

[Event "ICC tourney 1954 (60 10)"]
[Site "Internet Chess Club"]
[Date "2020.08.09"]
[Round "8"]
[White "neelansh2489"]
[Black "minecraftchess"]
[Result "0-1"]
[ICCResult "White resigns"]
[WhiteElo "1091"]
[BlackElo "949"]
[Opening "QGD Slav: 4.Nc3"]
[ECO "D15"]
[NIC "SL.03"]
[Time "15:19:11"]
[TimeControl "3600+10"]

1. d4 d5 2. c4 c6 3. Nc3 Nf6 4. Nf3 Bf5 5. e3 e6 6. Be2 Nbd7 7. O-O Qc7 8.
Bd3 Bxd3 9. Qxd3 O-O-O 10. c5 b6 11. Qa6+ Kb8 12. cxb6 Qxb6 13. Qxb6+ Nxb6
14. Ne5 Rg8 15. Nxc6+ Kc8 16. Nxd8 Kxd8 17. b3 Bb4 18. Bb2 Bxc3 19. Bxc3 Ne4
20. Ba5 f6 21. Bxb6+ axb6 22. f3 Ng5 23. Rfc1 Kd7 24. a4 e5 25. dxe5 fxe5
26. b4 Rb8 27. a5 bxa5 28. bxa5 Ra8 29. Kf2 Kd6 30. f4 exf4 31. exf4 Ne6 32.
g3 Nd4 33. Rc3 Nc6 34. Kf3 d4 35. Rc2 Kd5 36. Ra4 Rxa5 37. Rxa5+ Nxa5 38.
Ke2 Nc6 39. Rxc6 Kxc6 40. Kd3 Kd5 41. g4 g6 42. h4 h6 43. g5 h5 44. f5 gxf5
45. g6 Ke6 46. Kxd4 Kf6 47. g7 Kxg7 48. Ke5 Kg6 49. Kf4 Kf6 50. Kg3 Ke5 51.
Kf3 f4 52. Kf2 Ke4 53. Ke2 f3+ 54. Kf2 Kf4 55. Kg1 Ke3 56. Kf1 f2 57. Kg2
Ke2 58. Kg3 f1=Q 59. Kh2 Qf3 60. Kg1 Ke3 61. Kh2 Qg4 62. Kh1 Kf2 63. Kh2
{White resigns}
0-1

[Event "ICC tourney 1954 (60 10)"]
[Site "Internet Chess Club"]
[Date "2020.08.09"]
[Round "8"]
[White "KanekiB"]
[Black "Metaworldchess"]
[Result "1-0"]
[ICCResult "Black resigns"]
[WhiteElo "1084"]
[BlackElo "1328"]
[Opening "Sicilian: Richter-Rauzer, Rauzer attack, 7...Be7"]
[ECO "B63"]
[NIC "SI.28"]
[Time "15:18:39"]
[TimeControl "3600+10"]

1. e4 c5 2. Nf3 d6 3. d4 cxd4 4. Nxd4 Nf6 5. Nc3 Nc6 6. Bg5 e6 7. Qd2 Be7 8.
O-O-O O-O 9. Bb5 Nxd4 10. Qxd4 a6 11. Be2 b5 12. e5 dxe5 13. Qxe5 Qa5 14.
Bf3 Ra7 15. h4 Qc7 16. Qxc7 Rxc7 17. Bf4 Rd7 18. Rxd7 Bxd7 19. Rd1 Bc8 20.
Bd6 Re8 21. Bc6 Bd7 22. Bxe7 Bxc6 23. Rd6 Bb7 24. Bxf6 gxf6 25. f3 Kf8 26.
Rb6 Re7 27. Ne4 Bxe4 28. fxe4 Ra7 29. b3 Kg7 30. Kd2 Kg6 31. Kd3 Kh5 32. a4
bxa4 33. bxa4 Kxh4 34. c4 Kg5 35. c5 Kf4 36. c6 Ke5 37. Rb7 Ra8 38. Rxf7 Rc8
39. c7 Kd6 40. Rxf6 Rxc7 41. Kd4 Rg7 42. e5+ Kd7 43. Kc5 Rxg2 44. Rf7+ Ke8
45. Rxh7 Rd2 46. a5 Rd5+ 47. Kb6 Rxe5 48. Kxa6 Kd8 49. Kb6 Re1 50. a6 Rb1+
51. Kc6 Rc1+ 52. Kd6 Rd1+ 53. Kxe6 Re1+ 54. Kd5 Kc8 55. Rh8+ Kc7 56. a7 Rd1+
57. Ke4 {Black resigns} 1-0

[Event "ICC tourney 1954 (60 10)"]
[Site "Internet Chess Club"]
[Date "2020.08.09"]
[Round "8"]
[White "ChemStud24"]
[Black "haarim"]
[Result "0-1"]
[ICCResult "White checkmated"]
[WhiteElo "1340"]
[BlackElo "1194"]
[Opening "French: Burn variation"]
[ECO "C11"]
[NIC "FR.05"]
[Time "15:18:45"]
[TimeControl "3600+10"]

1. e4 e6 2. d4 d5 3. Nc3 Nf6 4. Bg5 dxe4 5. Nxe4 Be7 6. Bxf6 Bxf6 7. Nf3 a6
8. Qd2 Nc6 9. Nxf6+ Qxf6 10. O-O-O O-O 11. Bd3 h6 12. Qe3 Nb4 13. g4 Nxd3+
14. Rxd3 b5 15. g5 Qg6 16. Rg1 Kh8 17. Ne5 Qh7 18. Qf4 Qf5 19. Qh4 f6 20.
gxh6 g5 21. Qg4 fxe5 22. Qxg5 Qxg5+ 23. Rxg5 exd4 24. Rdg3 Bb7 25. h7 Be4
26. Rg7 Rac8 27. Re7 Bf5 28. Rgg7 c5 29. h4 c4 30. Kd2 Rf6 31. h5 Rh6 32.
Rg8+ Rxg8 33. hxg8=Q+ Kxg8 34. Re8+ Kf7 35. Ra8 e5 36. Ra7+ Ke8 37. Ra8+ Kd7
38. Ra7+ Kc8 39. Ra8+ Kb7 40. Rf8 Rxh5 41. Rf7+ Kb6 42. Rf6+ Ka5 43. a3 c3+
44. bxc3 dxc3+ 45. Kxc3 Bh3 46. Kb2 Bf1 47. c3 Bc4 48. Kc2 e4 49. Kb2 Rh2
50. Kc1 Rh1+ 51. Kb2 Re1 52. Kc2 Re2+ 53. Kb1 Ra2 54. Rf4 Rxa3 55. Rxe4 Rxc3
56. f4 Bd3+ 57. Kb2 Rc2+ 58. Kb3 Bxe4 59. Ka3 Rc4 60. Kb3 Kb6 61. Ka3 a5 62.
Kb3 a4+ 63. Ka3 Kc5 64. Kb2 b4 65. Ka2 Rc2+ 66. Kb1 Rh2+ 67. Ka1 b3 68. f5
b2+ 69. Ka2 b1=Q+ 70. Ka3 Qb3# {White checkmated} 0-1

[Event "ICC tourney 1954 (60 10)"]
[Site "Internet Chess Club"]
[Date "2020.08.09"]
[Round "8"]
[White "WizardY"]
[Black "BearDBS"]
[Result "1-0"]
[ICCResult "Black checkmated"]
[WhiteElo "928"]
[BlackElo "1217"]
[Opening "Scandinavian: Pytel-Wade variation"]
[ECO "B01"]
[NIC "SD.02"]
[Time "15:19:10"]
[TimeControl "3600+10"]

1. e4 d5 2. exd5 Qxd5 3. Nc3 Qd6 4. d4 Nf6 5. Bc4 c6 6. h3 e6 7. Nf3 Be7 8.
O-O O-O 9. Be3 b5 10. Bd3 a6 11. a3 Nbd7 12. Qd2 Nb6 13. Bf4 Qd8 14. Ne5 Bb7
15. Rad1 Nbd5 16. Nxd5 cxd5 17. Rfe1 Ne4 18. Bxe4 dxe4 19. c3 Qd5 20. Re3 f6
21. Ng4 Bd6 22. Bxd6 Qxd6 23. Rde1 f5 24. Ne5 f4 25. R3e2 Rf5 26. Ng4 f3 27.
gxf3 Rxf3 28. Re3 Raf8 29. Rxf3 Rxf3 30. Re3 Qf8 31. Ne5 Rf5 32. Rg3 Rh5 33.
Qe3 Qf5 34. b3 a5 35. c4 bxc4 36. bxc4 a4 37. c5 Rh4 38. Rxg7+ Kxg7 39. Qg3+
Kf8 40. Qxh4 e3 41. Qh6+ Ke8 42. Qxe3 Qb1+ 43. Kh2 Qh1+ 44. Kg3 Bg2 45. Qh6
Bd5 46. Qh5+ Kd8 47. Qg5+ Kc7 48. Qe7+ Kb8 49. Qe8+ Ka7 50. Qxa4+ Kb8 51.
Qb5+ Bb7 52. c6 Qg1+ 53. Kf3 Qd1+ 54. Kg2 Kc7 55. Qxb7+ Kd6 56. Qd7#
{Black checkmated}
1-0

[Event "ICC tourney 1954 (60 10)"]
[Site "Internet Chess Club"]
[Date "2020.08.09"]
[Round "8"]
[White "GreSci"]
[Black "Anishkor"]
[Result "0-1"]
[ICCResult "White checkmated"]
[WhiteElo "1083"]
[BlackElo "1351"]
[Opening "Ruy Lopez: Caro variation"]
[ECO "C70"]
[NIC "RL.09"]
[Time "15:19:11"]
[TimeControl "3600+10"]

1. e4 e5 2. Nf3 Nc6 3. Bb5 a6 4. Ba4 b5 5. Bb3 d6 6. h3 Nf6 7. Ng5 d5 8.
exd5 Na5 9. d6 Nxb3 10. dxc7 Qxc7 11. axb3 Bb7 12. O-O Qc6 13. Qf3 Qc7 14.
Qc3 Bc5 15. Re1 O-O 16. d3 h6 17. Ne4 Nxe4 18. dxe4 Qd6 19. Qg3 f5 20. exf5
Rxf5 21. Be3 Bxe3 22. Qxe3 Raf8 23. Rf1 Bxg2 24. Kxg2 Rg5+ 25. Kh1 Qc6+ 26.
f3 Qe6 27. Kh2 Rh5 28. f4 Qg6 29. Nc3 exf4 30. Qd3 Qe6 31. Rae1 Qc6 32. Qf3
Qc5 33. Re4 Qf5 34. Rxf4 Qe5 35. Kh1 Rxh3+ 36. Qxh3 Rxf4 37. Rxf4 Qxf4 38.
Qg2 Qc1+ 39. Kh2 Qxb2 40. Qd5+ Kf8 41. Qd3 Qa3 42. Ne4 Qa5 43. Qd6+ Kg8 44.
Qe6+ Kh8 45. Qc8+ Kh7 46. Qf5+ Kg8 47. Qd5+ Kf8 48. Qd6+ Kf7 49. Qd5+ Kg6
50. Qe6+ Kh7 51. Qf5+ Kg8 52. Qe6+ Kf8 53. Qd6+ Ke8 54. Qc6+ Kd8 55. Qd6+
Kc8 56. Qf8+ Qd8 57. Nd6+ Kd7 58. Qf4 Qe7 59. Ne4 h5 60. Qd2+ Ke8 61. Qf4 g5
62. Qf3 Qc7+ 63. Kg2 Qxc2+ 64. Nf2 g4 65. Qa8+ Kd7 66. Qd5+ Kc7 67. Qf7+ Kb6
68. Qxh5 Qc6+ 69. Kf1 g3 70. Nd1 Qc2 71. Qf3 g2+ 72. Kg1 Qc5+ 73. Kxg2 Qc6
74. Qxc6+ Kxc6 75. b4 Kd5 76. Nc3+ Kc4 77. Nb1 Kxb4 78. Kf2 a5 79. Ke2 a4
80. Kd2 Kb3 81. Kc1 a3 82. Nd2+ Kc3 83. Nb1+ Kb3 84. Nd2+ Kb4 85. Kb1 Kc3
86. Ne4+ Kb3 87. Nd2+ Kc3 88. Ne4+ Kd4 89. Nd2 Kd3 90. Ka2 Kxd2 91. Kxa3 Kc3
92. Ka2 b4 93. Kb1 Kb3 94. Ka1 Kc2 95. Ka2 b3+ 96. Ka1 b2+ 97. Ka2 b1=Q+ 98.
Ka3 Qb3# {White checkmated} 0-1

[Event "ICC tourney 1954 (60 10)"]
[Site "Internet Chess Club"]
[Date "2020.08.09"]
[Round "8"]
[White "pranavg03"]
[Black "joeandjoe28"]
[Result "0-1"]
[ICCResult "White checkmated"]
[WhiteElo "1091"]
[BlackElo "1391"]
[Opening "Grünfeld: exchange variation"]
[ECO "D85"]
[NIC "GI.03"]
[Time "15:19:03"]
[TimeControl "3600+10"]

1. d4 Nf6 2. c4 g6 3. Nc3 d5 4. cxd5 Nxd5 5. Nxd5 Qxd5 6. e3 Bg7 7. Nf3 O-O
8. Be2 Bg4 9. O-O c5 10. dxc5 Qxc5 11. Qb3 Qc7 12. Bd2 Nc6 13. Rac1 Rad8 14.
Bc3 Bxc3 15. Rxc3 Qb8 16. Qa4 Ne5 17. Qe4 Bxf3 18. Bxf3 Nxf3+ 19. Qxf3 Rd2
20. Rb3 b6 21. Rd1 Rfd8 22. Rxd2 Rxd2 23. g3 Qc8 24. Rc3 Qd8 25. Ra3 a5 26.
Rb3 Rd1+ 27. Kg2 Ra1 28. a3 Rb1 29. e4 Qd4 30. Qe2 Rd1 31. Qe3 Qxe3 32. Rxe3
a4 33. Re2 Kf8 34. Rc2 Rd4 35. e5 Ke8 36. Rc6 b5 37. Rc5 b4 38. axb4 Rxb4
39. Rc2 Kd7 40. f4 Ke6 41. Kf3 f5 42. exf6 exf6 43. Re2+ Kd5 44. Rc2 Kd4 45.
Ke2 Ke4 46. Rd2 Rb3 47. Kf2 Rf3+ 48. Kg2 Rb3 49. Kf2 Kf5 50. h3 g5 51. fxg5
fxg5 52. Re2 h5 53. Rc2 g4 54. h4 Rb4 55. Re2 Rb3 56. Rc2 Rf3+ 57. Kg2 Rb3
58. Re2 Rb4 59. Kf2 Rb3 60. Rc2 Rf3+ 61. Kg2 Rb3 62. Re2 Rb4 63. Kf2 Rd4 64.
Kg2 Re4 65. Rc2 Ke6 66. Kf2 Kd5 67. Rc1 Rb4 68. Rc2 Kd4 69. Ke2 Rb3 70. Kf2
Kd3 71. Re2 Rb5 72. Re3+ Kd4 73. Re2 Rf5+ 74. Kg2 Kd3 75. Re6 Rb5 76. Rd6+
Kc4 77. Rd2 Rd5 78. Rf2 Kb3 79. Re2 Rc5 80. Re6 Rc2+ 81. Kf1 Kxb2 82. Rh6
Rc5 83. Rb6+ Ka2 84. Kf2 a3 85. Ke3 Ka1 86. Kf4 a2 87. Rb3 Rc2 88. Kg5 Rb2
89. Ra3 Kb1 90. Kxh5 a1=Q 91. Rxa1+ Kxa1 92. Kxg4 Rb5 93. Kf4 Kb2 94. g4 Kc3
95. g5 Kd4 96. g6 Rb1 97. Kg5 Rg1+ 98. Kh6 Ke5 99. h5 Kf6 100. Kh7 Rg5 101.
Kh6 Ra5 102. g7 Rg5 103. g8=Q Rxg8 104. Kh7 Kf7 105. h6 Rg6 106. Kh8 Rxh6#
{White checkmated}
0-1

[Event "ICC tourney 1954 (60 10)"]
[Site "Internet Chess Club"]
[Date "2020.08.09"]
[Round "8"]
[White "ChessMstr"]
[Black "ThanhPoertner"]
[Result "1-0"]
[ICCResult "Black checkmated"]
[WhiteElo "1286"]
[BlackElo "932"]
[Opening "Sicilian: Taimanov variation"]
[ECO "B45"]
[NIC "SI.39"]
[Time "15:18:17"]
[TimeControl "3600+10"]

1. e4 c5 2. Nf3 Nc6 3. d4 cxd4 4. Nxd4 e6 5. Nc3 Nf6 6. Bg5 Qa5 7. Bxf6 gxf6
8. Nb5 Qb6 9. Na4 Qd8 10. Nd6+ Bxd6 11. Qxd6 Qa5+ 12. Nc3 Nb4 13. Kd1 a6 14.
a3 Nc6 15. b4 Qh5+ 16. f3 Ne5 17. Be2 Qg5 18. g3 Qg7 19. Kc1 f5 20. Qd4 fxe4
21. fxe4 Qg5+ 22. Qd2 Qg7 23. Kb2 a5 24. Kb3 Nc6 25. Nb5 a4+ 26. Ka2 Qe5 27.
Qd6 Qxe4 28. Bd3 Qe5 29. Qxe5 Nxe5 30. Nc7+ Kd8 31. Nxa8 b5 32. Bxb5 Bb7 33.
Rhe1 Nc6 34. Nb6 Kc7 35. Nxa4 Nd4 36. Bd3 Ra8 37. Nc3 Nc6 38. Re4 d5 39. Rf4
f5 40. Re1 d4 41. Nb5+ Kb6 42. Rxe6 Bc8 43. Rh6 Rb8 44. Nxd4 Bd7 45. Nxc6
Bxc6 46. b5 Rc8 47. bxc6 Rxc6 48. Rxc6+ Kxc6 49. Bxf5 Kc5 50. Bxh7 Kb5 51.
h4 Kc5 52. h5 Kd5 53. h6 Ke5 54. Ra4 Ke6 55. Bd3 Kf7 56. h7 Kg7 57. Ra8 Kf7
58. h8=Q Ke7 59. Qh7+ Kd6 60. Ra6+ Kc5 61. Qf5+ Kd4 62. Qe4+ Kc3 63. Rc6+
Kd2 64. Qe2+ Kc1 65. Qe1# {Black checkmated} 1-0

[Event "ICC tourney 1954 (60 10)"]
[Site "Internet Chess Club"]
[Date "2020.08.09"]
[Round "9"]
[White "temporarydanger"]
[Black "Checkmate1970"]
[Result "1-0"]
[ICCResult "Black checkmated"]
[WhiteElo "1180"]
[BlackElo "840"]
[Opening "Ruy Lopez: exchange, Keres variation"]
[ECO "C68"]
[NIC "RL.08"]
[Time "18:48:45"]
[TimeControl "3600+10"]

1. e4 e5 2. Nf3 Nc6 3. Bb5 a6 4. Bxc6 dxc6 5. Nc3 Nf6 6. d3 Bd6 7. Bg5 h6 8.
Bh4 O-O 9. Qd2 Bg4 10. O-O-O Bb4 11. h3 Bxf3 12. gxf3 Qd6 13. Rhg1 g5 14.
Bxg5 hxg5 15. Qxg5+ Kh8 16. Qg7# {Black checkmated} 1-0

[Event "ICC tourney 1954 (60 10)"]
[Site "Internet Chess Club"]
[Date "2020.08.09"]
[Round "9"]
[White "Zohranvalliani"]
[Black "sstao17"]
[Result "1-0"]
[ICCResult "Black checkmated"]
[WhiteElo "974"]
[BlackElo "619"]
[Opening "QGA, 4.Nc3"]
[ECO "D24"]
[NIC "QP.06"]
[Time "18:49:13"]
[TimeControl "3600+10"]

1. d4 Nf6 2. Nf3 d5 3. c4 dxc4 4. Nc3 e6 5. e4 Be7 6. Bxc4 O-O 7. O-O c6 8.
Qd3 a6 9. Bb3 b5 10. Bc2 Bb7 11. e5 Nd5 12. Qxh7# {Black checkmated} 1-0

[Event "ICC tourney 1954 (60 10)"]
[Site "Internet Chess Club"]
[Date "2020.08.09"]
[Round "9"]
[White "jhong2"]
[Black "LittlePawn135"]
[Result "1-0"]
[ICCResult "Black resigns"]
[WhiteElo "1204"]
[BlackElo "434"]
[Opening "Queen's pawn game, Darooha variation "]
[ECO "D02"]
[NIC "QP.09"]
[Time "18:49:13"]
[TimeControl "3600+10"]

1. Nf3 d5 2. d4 Nf6 3. g3 e6 4. Bg2 Bd6 5. O-O O-O 6. Nc3 Nc6 7. Bg5 h6 8.
Be3 Ng4 9. Bd2 Qf6 10. e3 e5 11. Nb5 e4 12. Nxd6 Qxd6 13. Ne1 Qg6 14. f3
exf3 15. Nxf3 Nf6 16. a3 Ne4 17. Qe2 Nxd2 18. Qxd2 Bg4 19. b4 a6 20. Qc3
Rfe8 21. a4 Qe4 22. Rae1 Bf5 23. Rf2 Rac8 24. Ne5 {Black resigns} 1-0

[Event "ICC tourney 1954 (60 10)"]
[Site "Internet Chess Club"]
[Date "2020.08.09"]
[Round "9"]
[White "chesspanda0610"]
[Black "AF8"]
[Result "1-0"]
[ICCResult "Black resigns"]
[WhiteElo "599"]
[BlackElo "952"]
[Opening "French: Marshall variation"]
[ECO "C10"]
[NIC "FR.04"]
[Time "18:48:44"]
[TimeControl "3600+10"]

1. e4 e6 2. d4 d5 3. Nc3 c5 4. exd5 exd5 5. dxc5 Bxc5 6. Bb5+ Nc6 7. Qxd5
Qxd5 8. Nxd5 Bd6 9. Nf3 Bd7 10. Be3 Nge7 11. Nxe7 Bxe7 12. Rd1 O-O-O 13.
Bxc6 Bxc6 14. Rxd8+ Rxd8 15. Bxa7 Bxf3 16. gxf3 Bb4+ 17. c3 Re8+ 18. Kd2 Bd6
19. Be3 Rd8 20. Kc2 f5 21. h3 f4 22. Bd4 g5 23. Re1 h5 24. Bf6 Rg8 25. Rg1
Bc5 26. Rxg5 Rxg5 27. Bxg5 Bxf2 28. Bxf4 Kd7 29. Kd3 Ke6 30. Ke4 Kf6 31. Bc1
Bh4 32. Kd5 Bg5 33. f4 Bh6 34. Ke4 Ke6 35. f5+ Kf6 36. Bxh6 b6 37. Be3 h4
38. a4 {Black resigns} 1-0

[Event "ICC tourney 1954 (60 10)"]
[Site "Internet Chess Club"]
[Date "2020.08.09"]
[Round "9"]
[White "chessadpa"]
[Black "OwenT"]
[Result "1/2-1/2"]
[ICCResult "Game drawn by mutual agreement"]
[WhiteElo "1170"]
[BlackElo "1256"]
[Opening "English: Mikenas-Carls variation"]
[ECO "A18"]
[NIC "FR.01"]
[Time "18:49:16"]
[TimeControl "3600+10"]

1. e4 e6 2. c4 Nf6 3. Nc3 Bb4 4. Bd3 O-O 5. a3 Bxc3 6. dxc3 d5 7. exd5 exd5
8. cxd5 Qxd5 9. Nf3 Qe6+ 10. Be3 Nc6 11. O-O Rd8 12. Qc2 b6 13. Rad1 Bb7 14.
Rfe1 Ne5 15. Nxe5 Qxe5 16. Bxb6 Qg5 17. f4 Qxf4 18. Be3 Qh4 19. Bf2 Qh6 20.
Be3 Qh4 21. Bf2 Qg4 22. Bg3 c5 23. Qe2 Qxe2 {Game drawn by mutual agreement}
1/2-1/2

[Event "ICC tourney 1954 (60 10)"]
[Site "Internet Chess Club"]
[Date "2020.08.09"]
[Round "9"]
[White "ryan-simshauser"]
[Black "Deanmoon32"]
[Result "1-0"]
[ICCResult "Black resigns"]
[WhiteElo "870"]
[BlackElo "982"]
[Opening "King's Indian: Makagonov system (5.h3)"]
[ECO "E71"]
[NIC "KI.20"]
[Time "18:49:29"]
[TimeControl "3600+10"]

1. d4 Nf6 2. c4 g6 3. Nc3 Bg7 4. e4 d6 5. h3 O-O 6. Nf3 d5 7. cxd5 e6 8.
dxe6 Bxe6 9. Bd3 Nh5 10. d5 Bxc3+ 11. bxc3 Nf4 12. Bxf4 Qf6 13. dxe6 Qxf4
14. exf7+ Rxf7 15. Bc4 Qxe4+ 16. Qe2 Qxe2+ 17. Kxe2 Nc6 18. Bxf7+ Kxf7 19.
Nd4 Nxd4+ 20. cxd4 Re8+ 21. Kd3 Rd8 22. Rac1 {Black resigns} 1-0

[Event "ICC tourney 1954 (60 10)"]
[Site "Internet Chess Club"]
[Date "2020.08.09"]
[Round "9"]
[White "weheinrich"]
[Black "johnique"]
[Result "1-0"]
[ICCResult "Black checkmated"]
[WhiteElo "1067"]
[BlackElo "1352"]
[Opening "Four knights: Scotch, 4...exd4"]
[ECO "C47"]
[NIC "RG.01"]
[Time "18:49:29"]
[TimeControl "3600+10"]

1. e4 e5 2. Nf3 Nf6 3. Nc3 Nc6 4. d4 exd4 5. Nxd4 Be7 6. Be3 O-O 7. Bd3 Nb4
8. Be2 Nc6 9. a3 a5 10. Bd3 Ne5 11. Be2 Nc6 12. Nxc6 dxc6 13. O-O Re8 14.
Bd3 b5 15. f4 Ng4 16. Bd2 Nf6 17. h3 Bb7 18. e5 Bc5+ 19. Kh2 Nd5 20. Qe2 Bc8
21. Nxd5 Qxd5 22. Be4 Qd7 23. Rad1 Qe6 24. Bc3 Bb7 25. f5 Qe7 26. f6 gxf6
27. Qg4+ Kf8 28. exf6 Qxe4 29. Qg7# {Black checkmated} 1-0